Map: Nightshade LE

Players

PartinG - Winner!

  • Race: Protoss Protoss
  • League: Grandmaster
  • Spawn Location: 11:00

JimRising

  • Race: Zerg Zerg
  • League: Grandmaster
  • Spawn Location: 5:00

VOD

Have the link to the VOD?

Description

Time

  • Played on: April 2, 2020, 10:04 p.m.
  • Length: 8:02
Show
View Real Time Build Order
Export as new Build Order

PartinG Protoss - Winner!

Build Orders: 1 Gate Expand 

Get SALT Encoding   

  12  0:00  Probe  
  13  0:13  Probe  
  14  0:18  Pylon  
  14  0:25  Probe (Chrono Boost)  
  15  0:37  Gateway, Probe (Chrono Boost)  
  16  0:45  Probe (Chrono Boost)  
  16  0:46  Assimilator  
  17  0:51  Probe  
  18  1:03  Probe  
  19  1:15  Probe  
  20  1:23  Nexus  
  20  1:32  Cybernetics Core  
  20  1:35  Probe  
  21  1:41  Assimilator  
  21  1:47  Probe  
  21  1:51  Pylon  
  22  1:59  Probe  
  23  2:07  Adept (Chrono Boost)  
  23  2:08  Warp Gate  
  23  2:12  Probe (Chrono Boost)  
  26  2:21  Twilight Council  
  27  2:23  Probe (Chrono Boost)  
  27  2:28  Probe (Chrono Boost)  
  28  2:31  Stalker  
  28  2:36  Probe (Chrono Boost)  
  32  2:44  Probe (Chrono Boost)  
  32  2:45  Probe (Chrono Boost)  
  32  2:50  Probe x2 (Chrono Boost)  
  34  2:58  Resonating Glaives (Chrono Boost), Gateway  
  35  3:02  Probe x2  
  37  3:14  Probe  
  37  3:15  Adept, Probe  
  41  3:21  Robotics Facility  
  41  3:27  Pylon, Probe x2  
  43  3:34  Pylon  
  43  3:39  Probe x2  
  45  3:53  Probe x2  
  47  3:57  Adept x2  
  47  4:00  Nexus  
  51  4:03  Pylon  
  51  4:05  Pylon  
  51  4:09  Observer  
  52  4:13  Probe x2  
  54  4:17  Adept x2  
  54  4:21  Assimilator  
  54  4:23  Assimilator  
  58  4:28  Shield Battery  
  58  4:31  Probe  
  58  4:32  Probe  
  58  4:34  Immortal (Chrono Boost)  
  64  4:43  Probe  
  64  4:44  Probe  
  66  4:46  Sentry x2  
  66  4:47  Assimilator  
  66  4:51  Forge  
  70  4:53  Blink  
  70  4:58  Probe x2  
  70  5:05  Immortal (Chrono Boost)  
  60  5:11  Probe x2  
  66  5:15  Probe  
  66  5:21  Sentry  
  69  5:23  Probe x2, Sentry  
  69  5:24  Protoss Ground Weapons Level 1 (Chrono Boost)  
  69  5:27  Probe  
  74  5:31  Photon Cannon  
  74  5:37  Gateway x2  
  74  5:40  Probe x3  
  77  5:44  Gateway  
  77  5:46  Sentry  
  77  5:49  Gateway  
  79  5:52  Probe  
  79  5:53  Probe x2  
  79  5:56  Warp Prism (Chrono Boost)  
  82  6:02  Pylon  
  84  6:04  Probe  
  84  6:05  Probe  
  84  6:06  Sentry  
  84  6:09  Pylon  
  88  6:12  Pylon  
  88  6:14  Sentry  
  90  6:22  Gateway  
  90  6:24  Gateway, Pylon  
  90  6:28  Assimilator  
  90  6:29  Sentry  
  92  6:34  Stalker x2  
  92  6:36  Probe x3  
  92  6:38  Stalker  
  101  6:43  Photon Cannon  
  101  6:46  Stalker x2  
  105  6:54  Stalker  
  105  6:57  Photon Cannon  
  105  6:58  Probe x2  
  105  6:59  Probe  
  110  7:05  Stalker x3  
  116  7:09  Adept x2  
  114  7:25  Adept x3  
  112  7:32  Adept x5  
  116  7:42  Probe x3  
  115  7:47  Pylon  
  115  7:52  Nexus  
  115  7:54  Pylon, Adept x4  
  115  7:56  Pylon, Adept  
Show
View Real Time Build Order
Export as new Build Order

JimRising Zerg 

Build Orders: Hatch First 

Get SALT Encoding   

  12  0:01  Drone  
  13  0:13  Overlord  
  13  0:18  Drone  
  14  0:32  Drone x2  
  16  0:48  Hatchery  
  15  0:51  Drone  
  15  0:55  Drone  
  17  0:59  Drone  
  17  1:02  Extractor  
  17  1:15  Spawning Pool  
  17  1:18  Drone  
  17  1:22  Drone  
  18  1:28  Drone  
  19  1:42  Drone  
  20  1:49  Overlord  
  20  2:01  Queen x2  
  20  2:06  Metabolic Boost  
  24  2:10  Zergling x2  
  24  2:11  Zergling x2  
  24  2:15  Drone  
  27  2:18  Drone  
  27  2:21  Drone  
  29  2:24  Drone  
  30  2:32  Drone  
  30  2:33  Drone  
  32  2:44  Overlord  
  32  2:45  Drone  
  33  2:54  Hatchery  
  31  3:00  Zergling x2  
  32  3:07  Drone  
  32  3:10  Drone  
  32  3:12  Drone x4  
  36  3:15  Queen  
  38  3:20  Drone x2  
  38  3:22  Evolution Chamber  
  39  3:27  Drone  
  39  3:32  Overlord  
  40  3:37  Overlord  
  40  3:47  Zergling x6  
  43  3:48  Zerg Melee Weapons Level 1  
  43  3:49  Overlord  
  43  3:51  Drone x2  
  43  3:55  Queen  
  47  3:57  Zergling x2  
  47  3:59  Zergling x2  
  47  4:01  Zergling x2  
  50  4:05  Drone  
  50  4:08  Zergling x4  
  53  4:11  Lair  
  53  4:15  Drone x2  
  55  4:21  Drone x4  
  59  4:25  Drone x2  
  59  4:29  Drone x3  
  62  4:37  Overlord  
  62  4:39  Zergling x4  
  62  4:42  Zergling x4  
  66  4:46  Zergling x2  
  66  4:48  Overlord x2  
  62  5:00  Zergling x10  
  64  5:09  Overseer  
  64  5:12  Drone x2  
  64  5:13  Drone, Extractor  
  66  5:14  Drone, Extractor  
  66  5:15  Drone x2, Extractor  
  66  5:18  Drone x4  
  66  5:19  Drone  
  66  5:20  Zergling x4  
  74  5:24  Zergling x2  
  75  5:30  Drone, Extractor  
  75  5:31  Drone  
  76  5:40  Drone  
  76  5:41  Drone x2  
  79  5:43  Extractor  
  79  5:46  Zerg Melee Weapons Level 2  
  79  5:48  Drone x3  
  79  5:49  Drone x4  
  85  5:50  Baneling Nest  
  84  5:57  Drone  
  84  5:59  Hydralisk Den  
  84  6:00  Hatchery  
  83  6:04  Overlord  
  83  6:05  Overlord  
  82  6:13  Drone x2  
  82  6:14  Drone x2, Overlord x2  
  86  6:28  Grooved Spines, Hydralisk x6  
  86  6:30  Zergling x8  
  102  6:41  Hydralisk x2  
  102  6:43  Hydralisk x2  
  102  6:44  Zergling x4  
  102  6:45  Extractor  
  102  6:47  Overseer, Zergling x6  
  112  6:52  Hydralisk x2  
  112  6:53  Overlord  
  117  6:56  Overlord  
  117  6:58  Zergling x4  
  117  6:59  Zergling x2  
  117  7:00  Baneling x2  
  120  7:01  Baneling  
  120  7:02  Baneling x3  
  120  7:06  Overlord  
  120  7:13  Zergling x8  
  120  7:15  Zergling x6  
  123  7:22  Zergling x2  
  110  7:23  Hydralisk x2  
  110  7:25  Zergling x6  
  104  7:32  Zergling x2  
  104  7:33  Hydralisk  
  104  7:34  Hydralisk  
  104  7:36  Hydralisk  
Tags
 
Add a new tag
Caveats
  • Supply blocks, unpowered buildings, or Contaminate may cause inaccurate times.
  • Supply counts are checked every 10 seconds.